 Dungeon Crawl Stone Soup version 0.24.0-10-g970556be89 (webtiles) character file.

Game seed: 2269969162571998332, levelgen mode: classic

3285 EnegeticOcto the Fighter (level 9, -1/78 HPs)
             Began as a Mummy Chaos Knight on Nov 3, 2019.
             Was a Plaything of Xom.
             Slain by a warg (10 damage)
             ... on level 8 of the Dungeon.
             The game lasted 00:15:49 (11322 turns).

EnegeticOcto the Fighter (Mummy Chaos Knight)      Turns: 11322, Time: 00:15:50

Health: -1/78      AC:  9    Str: 15    XL:     9   Next: 69%
Magic:  0/11       EV:  6    Int: 14    God:    Xom [*.....]
Gold:   344        SH:  0    Dex: 12    Spells: 8/8 levels left

rFire    x . .     SeeInvis .   b - +0 shortbow
rCold    + . .     Gourm    .   (shield currently unavailable)
rNeg     + + +     Faith    .   u - +0 chain mail
rPois    ∞         Spirit   +   (no helmet)
rElec    .         Reflect  .   n - +0 cloak
rCorr    .         Harm     .   (no gloves)
MR       +....                  (no boots)
Stlth    ..........             s - amulet of guardian spirit
HPRegen  0.23/turn              k - ring of stealth
MPRegen  0.12/turn              (no ring)

@: no status effects
A: no food or potions, fire vulnerability, cold resistance 1, negative energy
resistance 3, torment resistance, unbreathing
a: Renounce Religion


You were on level 8 of the Dungeon.
You worshipped Xom.
You were a special plaything of Xom.
You were not hungry.

You visited 1 branch of the dungeon, and saw 9 of its levels.
You also visited: Ossuary.

You collected 386 gold pieces.
You spent 42 gold pieces at shops.

Inventory:

Hand Weapons
 a - a +0 halberd
 b - a +0 shortbow (weapon)
 i - a +0 spear of chaos
Missiles
 e - 120 arrows (quivered)
Armour
 n - a +0 cloak (worn)
 q - a +2 leather armour
 u - a +0 chain mail (worn)
Jewellery
 j - a +3 amulet of reflection
 k - a ring of stealth (left hand)
 s - an amulet of guardian spirit (around neck)
Scrolls
 c - a scroll of amnesia
 d - 3 scrolls of fog {!r}
 f - 4 scrolls of remove curse {@r2}
 g - 2 scrolls of teleportation {@r3 !r}
 l - 5 scrolls of enchant weapon
 m - a scroll of magic mapping {@r5 !r}
 o - 7 scrolls of identify {@r1}
 p - 2 scrolls of enchant armour
 r - 2 scrolls of blinking {@r4}
 v - 2 scrolls of noise
 w - a scroll of brand weapon
Miscellaneous
 h - a lightning rod (inert)


   Skills:
 - Level 10.0 Fighting
 - Level 6.0 Polearms
 + Level 5.1 Bows
 - Level 1.5 Armour
 - Level 0.7 Dodging
 - Level 3.0 Evocations


You had 8 spell levels left.
You didn't know any spells.
Your spell library contained the following spells:

 Spells                   Type           Power        Failure   Level  Hunger
 Animate Skeleton         Necr           N/A          100%        1    N/A
 Pain                     Necr           #...         100%        1    N/A
 Vampiric Draining        Necr           #.........   100%        3    N/A
 Animate Dead             Necr           N/A          100%        4    N/A
 Regeneration             Chrm/Necr      Unusable     N/A         3    N/A

Dungeon Overview and Level Annotations

Branches:
Dungeon (9/15)             Temple (0/1) D:4         Ossuary (visited)
   Lair: D:8-11         Orc: D:9-12

Altars:
Cheibriados
Dithmenos
Gozag
Qazlal
Uskayaw
Vehumet
Xom

Shops:
D:4 (

Annotations:
D:6 1 runed translucent door, Crazy Yiuf
D:7 2 transporters


Innate Abilities, Weirdness & Mutations

You do not eat or drink.
Your flesh is vulnerable to fire.
You are immune to poison.
Your flesh is cold resistant. (rC+)
You are immune to negative energy. (rN+++)
You are immune to unholy pain and torment.
You can survive without breathing.


Message History

The orc wizard looks encouraged for a moment.
The warg bites you.
The orc wizard looks braver for a moment.
The warg bites you but does no damage.
The orc wizard mumbles some strange words.
The orc wizard flickers and vanishes!
Deactivating autopickup; reactivate with Ctrl-A.
The warg bites you.
You hit the warg but do no damage.
You hear some strange, mumbled words.
The warg bites you.
You hit the warg.
The warg is lightly wounded. "Running a series of toy crash tests now."
Multicoloured lights dance before your eyes!
The warg barely misses you. The warg bites you but does no damage.
You closely miss the warg.
The warg is lightly wounded.
The warg barely misses you.
You hit the warg.
The warg is lightly wounded.
The warg barely misses you. The warg bites you.
You closely miss the warg.
The warg is lightly wounded.
The warg completely misses you.
You hit the warg but do no damage.
The warg is lightly wounded.
The warg barely misses you. The warg bites you but does no damage.
You hit the warg but do no damage.
The warg is lightly wounded.
The warg bites you but does no damage. The warg bites you.
You hit the warg.
The warg is lightly wounded.
The warg bites you.
You hit the warg.
The warg is lightly wounded.
The warg barely misses you. The warg bites you.
You are too injured to fight recklessly!
You are too injured to fight recklessly!
You are too injured to fight recklessly!
You are too injured to fight recklessly!
You are too injured to fight recklessly!
You are too injured to fight recklessly!
You are too injured to fight recklessly!
You are too injured to fight recklessly!
b - a +0 shortbow (weapon)
Firing (i - inventory)
e - 126 arrows (quivered)
Press: ? - help, Shift-Dir - straight line, f - warg
Aim: a warg (lightly wounded)
You shoot an arrow. The arrow hits the warg!
The warg is heavily wounded.
The warg barely misses you. The warg bites you.
An orc comes into view. It is wielding a +0 hand axe.
Firing (i - inventory)
e - 125 arrows (quivered)
Press: ? - help, Shift-Dir - straight line, f/p - warg
Aim: a warg (heavily wounded)
You shoot an arrow. The arrow barely misses the warg.
The orc shouts!
The warg bites you!
Firing (i - inventory)
e - 124 arrows (quivered)
Press: ? - help, Shift-Dir - straight line, f/p - warg
Aim: a warg (heavily wounded)
You shoot an arrow. The arrow hits the warg.
The warg is heavily wounded.
The warg bites you!
* * * LOW HITPOINT WARNING * * *
Firing (i - inventory)
e - 123 arrows (quivered)
Press: ? - help, Shift-Dir - straight line, f/p - warg
Aim: a warg (heavily wounded)
You shoot an arrow. The arrow hits the warg!
The warg is severely wounded.
The warg bites you.
* * * LOW HITPOINT WARNING * * *
The warg barely misses you.
You can't drink.
Unknown command.
Okay, then.
Evoke which item? (* to show all) (? for menu, Esc to quit)
Aiming: Thunderbolt
Press: ? - help, Shift-Dir - straight line, f/p - warg
Aim: a warg (severely wounded)
The thunderbolt hits something!
Reactivating autopickup.
You feel a bit more experienced.
The thunderbolt hits the warg.
The warg is almost dead.
The lightning rod overheats!
The warg bites you!
* * * LOW HITPOINT WARNING * * *
Firing (i - inventory)
e - 122 arrows (quivered)
Press: ? - help, Shift-Dir - straight line, f/p - warg
Aim: a warg (almost dead)
You shoot an arrow. The arrow barely misses the warg.
The arrow barely misses the orc.
The warg bites you.
* * * LOW HITPOINT WARNING * * *
Firing (i - inventory)
e - 121 arrows (quivered)
Press: ? - help, Shift-Dir - straight line, f/p - warg
Aim: a warg (almost dead)
You shoot an arrow. The arrow barely misses the warg.
The arrow closely misses the orc.
The warg bites you but does no damage. The warg bites you!
You die...

#.# ##.#......#.####.#.#.#
#.# #.#.###..#.####.#.#.# #.#
#...# #..#....#.#.#.# #.#
##..# #..####.#.#.#.# #.#
#..# #..# #.#.#.#.# #.#
#.>###..####.#.#.#.#
..#####....#.......#.#.#.#
...!.......#.####..#.#.#.#
######...(....oh@..#.#.#.#
.....#.........##.#....#.#
.....#.........##.######.#
.##≈.#♣≈♣......##......#.#
.#..≈#.♣≈.≈....#######.#.####
.#...#♣.♣#.≈...# #.#....#
..≈..≈≈≈≈≈.≈...# #.#..#.#
..♣≈..≈#..♣≈.### #.####.#
##.≈..≈≈≈.≈≈.# #......#


You could see a warg and an orc.

Vanquished Creatures
  A hungry ghost (D:8)
  An orc warrior (D:8)
  3 phantoms
  4 ogres
  A centaur (D:7)
  A big kobold (D:7)
  2 elf zombies
  2 bullfrogs
  2 elf skeletons (D:7)
  A scorpion (D:7)
  5 killer bees (D:8)
  A human zombie (Ossuary)
  3 hounds
  9 orc wizards
  A centaur skeleton (D:4)
  2 centaur zombies
  A gnoll shaman (D:5)
  3 orc priests
  Terence (D:2)
  3 iguanas
  3 worker ants
  A big kobold zombie (Ossuary)
  2 hound zombies
  A hound skeleton (D:4)
  4 mummies (Ossuary)
  10 gnolls
  7 adders
  A shadow imp (D:5)
  3 oozes (D:3)
  An adder skeleton (D:6)
  4 worms
  3 dart slugs
  9 leopard geckos
  25 orcs
  11 bats
  A giant cockroach (D:4)
  8 hobgoblins
  17 jackals
  9 kobolds
  3 quokkas (D:7)
  3 ball pythons
  9 frilled lizards
  A gnoll zombie (Ossuary)
  9 goblins
  A goblin zombie (D:8)
  A hobgoblin zombie (Ossuary)
  A kobold zombie (Ossuary)
  An orc skeleton (D:7)
  5 orc zombies
  A quokka zombie (D:8)
  5 rats
207 creatures vanquished.

Vanquished Creatures (collateral kills)
  A crocodile (D:8)
  An orc wizard (D:8)
  A big kobold zombie (Ossuary)
  An orc (D:8)
  A jackal zombie (Ossuary)
  A rat zombie (Ossuary)
6 creatures vanquished.

Vanquished Creatures (others)
  Sigmund (D:2)
1 creature vanquished.

Grand Total: 214 creatures vanquished

Notes
Turn   | Place    | Note
-------+----------+-------------------------------------------
     0 | D:1      | EnegeticOcto the Mummy Chaos Knight began the quest for the
                  | Orb.
     0 | D:1      | Reached XP level 1. HP: 18/18 MP: 1/1
    28 | D:1      | XOM: divination: detect items
   141 | D:1      | XOM: harmless Conj miscast
   210 | D:1      | Reached XP level 2. HP: 24/24 MP: 2/2
   642 | D:1      | Reached skill level 4 in Fighting
   780 | D:1      | XOM: swap monsters
   811 | D:1      | XOM: divination: detect creatures
   962 | D:1      | XOM: mild Summ miscast
  1260 | D:2      | XOM: scenery: create altars
  1262 | D:2      | Reached XP level 3. HP: 30/30 MP: 3/3
  1288 | D:2      | XOM: god gift: lightning rod (4/4)
  1368 | D:2      | Noticed Terence
  1378 | D:2      | Killed Terence
  1378 | D:2      | Reached skill level 5 in Fighting
  1378 | D:2      | Reached XP level 4. HP: 39/39 MP: 4/4
  1384 | D:2      | XOM: 6-stop teleportation journey
  1630 | D:2      | Found a shadowy altar of Dithmenos.
  1760 | D:2      | Found a snail-covered altar of Cheibriados.
  1760 | D:2      | Found a stormy altar of Qazlal.
  1760 | D:2      | XOM: 1-stop teleportation journey
  1760 | D:2      | Noticed Sigmund
  1761 | D:2      | Found a radiant altar of Vehumet.
  1761 | D:2      | Found an opulent altar of Gozag.
  1764 | D:2      | Killed Sigmund
  1764 | D:2      | Reached skill level 6 in Fighting
  1764 | D:2      | Reached XP level 5. HP: 41/46 MP: 5/5
  1764 | D:2      | XOM: divine lightning
  1836 | D:2      | XOM: harmless Tmut miscast
  2516 | D:3      | XOM: enchant monster (bad)
  2674 | D:3      | Reached XP level 6. HP: 47/53 MP: 6/6
  2711 | D:3      | XOM: 3-stop teleportation journey
  2851 | D:3      | Reached skill level 7 in Fighting
  3111 | D:3      | XOM is BORED!
  3111 | D:3      | XOM: summons 3 hostile demons
  3686 | D:4      | Found a staircase to the Ecumenical Temple.
  3698 | D:4      | XOM: smoke on damage
  3887 | D:4      | XOM: harmless Tloc miscast
  3958 | D:4      | XOM: silly message
  4625 | D:4      | XOM: mild Air miscast
  4627 | D:4      | XOM: harmless Tmut miscast
  4632 | D:4      | XOM: medium Necr miscast
  4633 | D:4      | Noticed a shadow
  4633 | D:4      | Noticed a shadow
  4636 | D:4      | XOM: cleaving
  4862 | D:4      | XOM: harmless Pois miscast
  4878 | D:4      | Reached skill level 8 in Fighting
  4878 | D:4      | Reached XP level 7. HP: 59/62 MP: 7/7
  4976 | D:4      | XOM: chaos upgrade
  5188 | D:4      | Found Zankith's Weapon Emporium.
  5194 | D:4      | Bought a +0 shortbow for 42 gold pieces
  5233 | D:5      | Entered Level 5 of the Dungeon
  5343 | D:5      | Reached skill level 1 in Bows
  5390 | D:5      | XOM: noise
  5657 | D:5      | XOM: noise
  5759 | D:5      | XOM is BORED!
  5759 | D:5      | XOM: noise
  5761 | D:5      | XOM: cloud trail
  5797 | D:5      | XOM: harmless Chrm miscast
  6011 | D:5      | Reached XP level 8. HP: 54/69 MP: 8/8
  6313 | D:6      | Found a hide-covered altar of Uskayaw.
  6342 | D:6      | XOM: potion effect (might)
  6677 | D:6      | XOM: divination: magic mapping
  6678 | D:6      | Reached skill level 1 in Evocations
  6729 | D:6      | Found a runed translucent door.
  6730 | D:6      | Noticed Crazy Yiuf
  6953 | D:6      | XOM: divination: magic mapping
  7018 | D:7      | Found a transporter.
  7139 | D:7      | XOM: potion effect (might)
  7147 | D:7      | XOM: smoke on damage
  7171 | D:7      | Reached skill level 9 in Fighting
  7175 | D:7      | Found a sand-covered staircase.
  7451 | D:7      | XOM: smoke on damage
  7606 | D:7      | XOM: harmless Necr miscast
  7710 | D:7      | XOM: potion effect (magic)
  7843 | D:7      | XOM is BORED!
  7843 | D:7      | XOM: medium Hex miscast
  7893 | D:7      | Found a transporter.
  7986 | D:7      | XOM: smoke on damage
  8196 | D:7      | XOM: mild Chrm miscast
  8208 | D:7      | Reached XP level 9. HP: 44/77 MP: 6/11
  8295 | D:7      | XOM: silly message
  8429 | D:7      | XOM: god gift: 22 gold pieces
  8620 | D:7      | XOM: potion effect (invisibility)
  8638 | D:7      | XOM: harmless Erth miscast
  8862 | D:6      | XOM: god gift: trident {god gift}
  8965 | D:8      | XOM: noise
  9035 | D:8      | Reached skill level 5 in Polearms
  9052 | D:8      | Found a sand-covered staircase.
  9061 | D:8      | XOM: scenery: create altars
  9084 | D:8      | XOM: god gift: scroll of fog
  9108 | Ossuary  | Entered an ossuary
  9115 | Ossuary  | XOM: cast spell 'Summon Ice Beast'
  9154 | Ossuary  | XOM: enchant monster (bad)
  9180 | Ossuary  | XOM: confusion
  9188 | Ossuary  | XOM: noise
  9601 | D:8      | XOM: cast spell 'Monstrous Menagerie'
  9734 | D:8      | XOM: harmless Fire miscast
  9814 | D:8      | XOM: swap monsters
 10103 | D:8      | XOM: enchant monster (bad)
 10263 | D:8      | XOM: medium Hex miscast
 10267 | D:8      | XOM: swap monsters
 10786 | D:8      | Reached skill level 10 in Fighting
 10970 | D:8      | XOM: noise
 11290 | D:9      | Reached skill level 5 in Bows
 11307 | D:8      | XOM: harmless Hex miscast
 11322 | D:8      | Slain by a warg

Levels and vault maps discovered:
D:1:      lightli_iron_boxes, layout_loops_ring, serial_rivers,
          chequers_serial_rivers_small_b, chequers_serial_rivers_small_3,
          chequers_serial_rivers_small_a, chequers_serial_rivers_marsh,
          moated_statue, wad_woods_river_04, minmay_crystal_room
D:2:      layout_loops_ring, grunt_temple_overflow_open, grunt_dithmenos_smoke,
          uniq_terence, uniq_sigmund
D:3:      layout_loops_cross, serial_bayou_pond_c
D:4:      layout_basic, minmay_temple_entry_drinking_statues, serial_shops, shop
D:5:      layout_rooms, first_ration
D:6:      layout_rooms, basic_altar, chequers_decorated_corner,
          minmay_misc_feat_enclosed, uniq_crazy_yiuf_cottage
D:7:      gammafunk_steamed_eel, layout_basic, nicolae_ossuary_entry_catacombs
D:8:      layout_basic, enter_ossuary_4, chequers_serial_rivers_marsh
D:9:      layout_long_grid, elyvilon_altar_4, erik_lair_orcish_takeover

Skill      XL: |  1  2  3  4  5  6  7  8  9 |
---------------+----------------------------+-----
Fighting       | 4 5 6 8 9 10 | 10.0
Polearms       | 3 4 6 |  6.0
Bows           | 1 3 5 |  5.1
Evocations     | 2 3 |  3.0
Armour         | |  1.5
Dodging        | |  0.7

Action                   |  1- 3 |  4- 6 |  7- 9 || total
-------------------------+-------+-------+-------++-------
Melee: Spear             |    87 |    28 |       ||   115
       Halberd           |       |   252 |   454 ||   706
 Fire: Shortbow          |       |       |   159 ||   159
Evoke: Lightning rod     |     2 |     4 |     8 ||    14
  Use: Scroll            |       |     5 |    11 ||    16
 Stab: Paralysed         |       |     1 |       ||     1
       Sleeping          |       |     7 |     6 ||    13
       Fleeing           |       |       |     1 ||     1
       Invisible         |       |       |     2 ||     2
Armor: Leather armour    |    20 |    85 |    83 ||   188
       Chain mail        |       |       |   211 ||   211
Dodge: Dodged            |    29 |   168 |   275 ||   472
Block: Other             |       |     9 |    12 ||    21
